 Dungeon Crawl Stone Soup version 0.29-a0-902-g0f71de6fce (webtiles) character file.

Game seed: 14883906712278002300

553 Aviak the Trooper (level 7, -5/60 HPs)
             Began as a Meteoran Berserker on July 24, 2022.
             Was a Believer of Trog.
             Slain by a gnoll
             ... wielding a +0 halberd
              (8 damage)
             ... on level 3 of the Dungeon.
             The game lasted 00:04:40 (794 turns).

Aviak the Trooper (Meteoran Berserker)               Turns: 794, Time: 00:04:40

Health: -5/60      AC:  9    Str: 20    XL:     7   Next: 85%
Magic:  8/8        EV: 12    Int:  9    God:    Trog [**....]
Gold:   95         SH:  6    Dex: 22    Spells: 6/6 levels left

rFire   + . .      SeeInvis .   j - +8 hammer "Voxeinae" {flame, rF+ Dex+2 Stlth+}
rCold   . . .      Faith    .   e - +0 buckler
rNeg    . . .      Spirit   .   n - +0 scale mail
rPois   .          Reflect  .   (no helmet)
rElec   .          Harm     .   k - +1 cloak
rCorr   .          Rampage  .   (no gloves)
Will    ++...                   (no boots)
Stlth   +.........              (no amulet)
HPRegen 1.20/turn               f - +6 ring of dexterity
MPRegen 0.11/turn               (no ring)

@: strong-willed, on berserk cooldown, regenerating, slowed, glowing, very slow
A: sense surroundings 1, otherworldly, glowing, explore regen
a: Renounce Religion, Berserk, Trog's Hand


You were on level 3 of the Dungeon.
You worshipped Trog.
Trog was pleased with you.
You visited 1 branch of the dungeon, and saw 3 of its levels.

You collected 95 gold pieces.

Inventory:

Hand Weapons
 a - a +0 spear
 j - the +8 hammer "Voxeinae" (weapon) {flame, rF+ Dex+2 Stlth+}
   (You found it on level 2 of the Dungeon)

   It burns those it strikes, dealing additional fire damage.
   Dex:       It affects your dexterity (+2).
   rF:        It protects you from fire.
   Stlth:     It makes you more stealthy.
 l - a +3 quarterstaff of chaos
Missiles
 p - a throwing net (quivered)
Armour
 b - a +0 animal skin
 e - a +0 buckler (worn)
 k - a +1 cloak (worn)
 n - a +0 scale mail (worn)
Jewellery
 f - a +6 ring of dexterity (left hand)
Wands
 m - a wand of charming (4)
Scrolls
 c - a scroll of identify
 d - a scroll of immolation
 g - a scroll of enchant armour {unknown}
 h - 2 scrolls of vulnerability {unknown}
 o - a scroll of magic mapping {unknown}


   Skills:
 + Level 4.9 Fighting
 + Level 3.6 Maces & Flails
 - Level 4.1 Polearms
 + Level 1.5 Throwing
 + Level 4.7 Armour
 - Level 4.2 Dodging
 + Level 3.6 Shields


You had 6 spell levels left.
You didn't know any spells.
Your spell library was empty.

Dungeon Overview and Level Annotations

Branches:
Dungeon (3/15) Zot: 948

Altars:


Innate Abilities, Weirdness & Mutations

You passively map a small area around you.
You are easily found by Zot.
You glow in the dark.
You regain HP and MP as you explore.


Message History

Okay, then.
Okay, then.
As you read the scroll labelled FELOUC KATRI, it crumbles to dust.
It is a scroll of identify.
d - a scroll of immolation You block the gnoll's attack.
Your skin crawls.
You feel strong-willed.
The gnoll hits you from afar with a +0 halberd!
The gnoll hits you from afar with a +0 halberd.
* * * LOW HITPOINT WARNING * * *
The gnoll barely misses you.
The gnoll hits you from afar with a +0 halberd.
* * * LOW HITPOINT WARNING * * *
It was a potion of curing.
You feel better. The gnoll barely misses you. x2
You swap places.
The gnoll misses you. You block the gnoll's attack.
The gnoll hits you but does no damage. You block the gnoll's attack.
You closely miss the gnoll. The gnoll hits you but does no damage.
Your gnoll hits the gnoll but does no damage.
The gnoll closely misses you. The gnoll hits you but does no damage.
Your gnoll hits the gnoll from afar with a +0 spear.
The gnoll hits you but does no damage.
You closely miss the gnoll.
The gnoll is heavily wounded.
The gnoll hits you with a +0 halberd!
Your gnoll completely misses the gnoll.
The gnoll hits you with a +0 halberd!
* * * LOW HITPOINT WARNING * * *
The gnoll hits you with a +0 halberd!
* * * LOW HITPOINT WARNING * * *
Your gnoll hits the gnoll from afar with a +0 spear.
You block the gnoll's attack.
Okay, then.
You hit the gnoll. You burn the gnoll.
The gnoll is severely wounded.
You block the gnoll's attack.
Your gnoll hits the gnoll from afar with a +0 spear.
The gnoll dies!
Trog accepts your kill. The gnoll hits you with a +0 halberd!
You die...

,,,###################### ## ..
#......#8..8#.........
,#$##'+##..#8..'....'.........
≈≈
#?........#8..'...))).....)..
≈,#$........))..#..))#..:...)..
≈,#.##''#########..).#######)'#
###..gg#.#....#....#....#.).. ≈
#.....)#)##)###....#.##.#.... ≈
#+#...)'.).g@g#....#......... ,
#############''''########## ≈ ,
...................... ≈ * ≈
≈≈≈≈≈≈≈≈....≈≈≈≈≈≈≈≈≈≈ ≈ ≈
≈≈≈≈≈≈≈≈....≈≈≈≈≈≈≈≈≈≈ ≈
≈≈≈≈≈≈≈≈≈≈≈....≈≈≈≈≈≈≈≈≈≈ ,
.................†..). ,,
......)...######......
............. ###....


You could see a gnoll and a friendly gnoll (charmed, unaware).

Vanquished Creatures
  An ogre (D:3)
  3 howler monkeys (D:3)
  A hound (D:3)
  Crazy Yiuf (D:2)
  2 gnoll boudas (D:3)
  2 orc wizards (D:3)
  12 gnolls (D:3)
  An adder (D:2)
  A worm (D:2)
  2 dart slugs
  12 orcs (D:3)
  6 bats
  An endoplasm (D:1)
  A hobgoblin (D:2)
  4 jackals (D:3)
  A quokka (D:2)
  2 ball pythons
  A frilled lizard (D:1)
  3 goblins
  2 kobolds
  A rat (D:1)
60 creatures vanquished.

Vanquished Creatures (collateral kills)
  A gnoll (D:3)
1 creature vanquished.

Vanquished Creatures (others)
  A gnoll (D:3)
1 creature vanquished.

Grand Total: 62 creatures vanquished

Notes
Turn   | Place    | Note
-------+----------+-------------------------------------------
     0 | D:1      | Aviak the Meteoran Berserker began the quest for the Orb.
     0 | D:1      | Reached XP level 1. HP: 19/19 MP: 2/2
   111 | D:1      | Found a faded altar of an unknown god.
   120 | D:1      | Reached XP level 2. HP: 26/26 MP: 3/3
   246 | D:2      | Reached XP level 3. HP: 31/31 MP: 4/4
   332 | D:2      | Found a runed translucent door.
   333 | D:2      | Noticed Crazy Yiuf
   340 | D:2      | Killed Crazy Yiuf
   341 | D:2      | Reached skill level 1 in Shields
   341 | D:2      | Reached XP level 4. HP: 39/40 MP: 5/5
   348 | D:2      | Identified the +8 hammer "Voxeinae" {flame, rF+ Dex+2
                  | Stlth+}
   535 | D:3      | Reached ** piety under Trog
   552 | D:3      | Reached XP level 5. HP: 44/46 MP: 6/6
   563 | D:3      | Noticed an ogre
   570 | D:3      | Reached skill level 1 in Maces & Flails
   570 | D:3      | Killed an ogre
   571 | D:3      | Reached XP level 6. HP: 52/52 MP: 7/7
   636 | D:3      | Reached XP level 7. HP: 41/60 MP: 8/8
   763 | D:3      | Reached skill level 1 in Throwing
   793 | D:3      | HP: 1/60 [gnoll/+0 halberd (10)]
   794 | D:3      | Slain by a gnoll

Illustrated notes

Levels and vault maps discovered:
D:1:      lightli_arrival_flooded_house, layout_loops_cross,
          ebering_ecumenical_altar_sacrificial
D:2:      layout_basic, grunt_ministairs_14, uniq_crazy_yiuf_cottage
D:3:      lemuel_castle_with_subvaults [lemuel_castle_interior_carwin_2],
          layout_basic, uniq_sigmund, uniq_terence, uniq_robin, uniq_ijyb,
          uniq_jessica

Skill      XL: |  1  2  3  4  5  6  7 |
---------------+----------------------+-----
Polearms       | 4 |  4.1
Armour         | 3 4 |  4.7
Dodging        | 3 4 |  4.2
Shields        | 1 2 3 |  3.6
Maces & Flails | 1 2 3 |  3.6
Fighting       | 4 |  4.9
Throwing       | 1 |  1.5

Action                   |  1- 3 |  4- 6 |  7- 9 || total
-------------------------+-------+-------+-------++-------
Melee: Spear             |    65 |       |       ||    65
       Mace              |       |    44 |    39 ||    83
Invok: Berserk           |     2 |     2 |     1 ||     5
       Trog's Hand       |       |     1 |     2 ||     3
Evoke: Wand              |       |       |     4 ||     4
  Use: Scroll            |       |       |     1 ||     1
       Potion            |       |       |     1 ||     1
Armor: Animal skin       |    15 |       |       ||    15
       Scale mail        |       |    14 |    32 ||    46
Dodge: Dodged            |    31 |    21 |    35 ||    87
Block: Buckler           |     4 |     9 |    30 ||    43

Table legend: (Time is in decaauts)
 A = Elapsed time spent in this place.
 B = Non-inter-level travel time spent in this place.
 C = Inter-level travel time spent in this place.
 D = Time resting spent in this place.
 E = Time spent auto-exploring this place.
 F = Levels seen in this place.
 G = Mean time per level.
                   A        B        C        D        E       F      G
               +--------+--------+--------+--------+--------+-----+--------+
         Total |    849 |    849 |      0 |     53 |    102 |   3 |  283.0 |
       Dungeon |    849 |    849 |      0 |     53 |    102 |   3 |  283.0 |
               +--------+--------+--------+--------+--------+-----+--------+

Top non-repeatable levels by time:
     D:3: 340 daAuts
     D:2: 273 daAuts
     D:1: 234 daAuts
